 Dungeon Crawl Stone Soup version 0.9.0-15-g1b13fe2 character file.

160871 akhier the Eclecticist (level 17, 0/106 (115) HPs)
             Began as a Red Draconian Summoner on Aug 21, 2011.
             Was the Champion of Vehumet.
             Slain by a vault guard
             ... wielding a +1,+1 elven long sword
              (1 damage)
             ... on Level 8 of the Vaults on Aug 26, 2011.
             The game lasted 08:24:19 (62545 turns).

akhier the Eclecticist (Red Draconian Summoner)    Turns: 62545, Time: 08:24:19

HP   0/106 (115) AC 15     Str 12      XL: 17   Next: 48%
MP  38/40        EV 15     Int 30      God: Vehumet [******]
Gold 73          SH  0     Dex 13      Spells: 16 memorised,  5 levels left

Res.Fire  : + + .   See Invis. : .   m - +6,+8 orc dagger (venom)
Res.Cold  : + . .   Warding    : . . q - +2 orc robe {rC+ rF+}
Life Prot.: . . .   Conserve   : .   (shield restricted)
Res.Acid. : . . .   Res.Corr.  : .   (helmet restricted)
Res.Poison: +       Clarity    : +   p - +2 cloak
Res.Elec. : .       Spirit.Shd : .   (gloves unavailable)
Sust.Abil.: + .     Stasis     : .   (boots unavailable)
Res.Mut.  : .       Ctrl.Telep.: .   N - amulet of clarity
Res.Rott. : .       Levitation : +   L - +5 ring of intelligence
Saprovore : . . .   Ctrl.Flight: +   Y - ring "Skoq" {SustAb rPois MR}

@: flying, extremely resistant to hostile enchantments, fairly stealthy
A: breathe fire, unfitting armour, antennae 1, fangs 1, fire resistance 1, Str
+1, Int +4
a: Breathe Fire, Renounce Religion
}: 2/15 runes: decaying, serpentine


You were on level 8 of the Vaults.
You worshipped Vehumet.
Vehumet was exalted by your worship.
You were not hungry.

You visited 9 branches of the dungeon, and saw 52 of its levels.
You visited the Abyss 1 time.
You visited 1 Labyrinth.
You visited 1 bazaar.
You visited 1 portal chamber: bailey.

You collected 3672 gold pieces.
You spent 3619 gold pieces at shops.

Inventory:

Hand weapons
 m - a +6,+8 orcish dagger of venom (weapon)
 n - a +1 blowgun
Missiles
 K - 7 curare-tipped +1 needles
Armour
 p - a +2 cloak (worn)
 q - a +2 orcish robe of resistance (worn)
Magical devices
 v - a wand of fireball (7)
 w - a wand of disintegration (11)
 x - a wand of cold (4)
 z - a wand of enslavement (8)
 A - a wand of digging (5)
 W - a wand of lightning (5)
Comestibles
 T - 7 royal jellies
Scrolls
 C - 2 scrolls of fear
 F - a scroll of vulnerability
 H - 8 scrolls of teleportation
 P - 4 scrolls of blinking
 Q - 2 scrolls of detect curse
 R - 11 scrolls of remove curse
 S - a scroll of magic mapping
Jewellery
 L - a +5 ring of intelligence (right hand)
 N - an amulet of clarity (around neck)
 Y - the ring "Skoq" (left hand) {SustAb rPois MR}
   (You found it on level 8 of the Lair of Beasts)

   [ring of sustain abilities]

   It protects you from poison.
   It increases your resistance to enchantments.
Potions
 s - 4 potions of brilliance
 t - 2 potions of invisibility
 J - 16 potions of healing
 O - 2 potions of magic
 V - a potion of heal wounds
 Z - a potion of speed
Books
 a - the Handbook of the Escort
   (You acquired it in the bailey)

   Spells                             Type                      Level
   *Summon Butterflies                Summoning                    1
   *Summon Small Mammals              Summoning                    1
   *Call Imp                          Summoning                    2
   *Recall                            Summoning/Translocation      3
   Summon Elemental                   Summoning                    4
   *Summon Ugly Thing                 Summoning                    6
 b - a book of Summonings {god gift}

   Spells                             Type                      Level
   *Abjuration                        Summoning                    3
   *Recall                            Summoning/Translocation      3
   Summon Elemental                   Summoning                    4
   *Shadow Creatures                  Summoning                    5
   Summon Demon                       Summoning                    5
   *Summon Ugly Thing                 Summoning                    6
 c - a book of Callings

   Spells                             Type                      Level
   *Summon Small Mammals              Summoning                    1
   *Call Imp                          Summoning                    2
   *Call Canine Familiar              Summoning                    3
   Summon Scorpions                   Summoning/Poison             4
   *Summon Ice Beast                  Ice/Summoning                4
 d - a book of Party Tricks

   Spells                             Type                      Level
   *Summon Butterflies                Summoning                    1
   *Apportation                       Translocation                1
   Projected Noise                    Hexes                        2
   *Blink                             Translocation                2
   *Levitation                        Charms/Air                   2
   Alistair's Intoxication            Transmutation/Poison         4
 e - a Necronomicon {highlevel}

   This book is beyond your current level of understanding.

   Spells                             Type                      Level
   Borgnjor's Revivification          Necromancy                   7
   Haunt                              Necromancy/Summoning         7
   Death's Door                       Charms/Necromancy            8
   Necromutation                      Transmutation/Necromancy     8
 f - a book of Control

   Spells                             Type                      Level
   Control Teleport                   Charms/Translocation         4
   Enslavement                        Hexes                        4
   Mass Confusion                     Hexes                        6
   Control Undead                     Hexes/Necromancy             5
   Metabolic Englaciation             Hexes/Ice                    7
 g - a book of Burglary

   Spells                             Type                      Level
   *Apportation                       Translocation                1
   *Swiftness                         Charms/Air                   2
   Passwall                           Transmutation/Earth          3
   Control Teleport                   Charms/Translocation         4
   Lee's Rapid Deconstruction         Earth                        5
   Passage of Golubria                Translocation                4
   Darkness                           Hexes                        7
 h - a book of War Chants

   Spells                             Type                      Level
   Fire Brand                         Charms/Fire                  2
   Freezing Aura                      Charms/Ice                   2
   Shroud of Golubria                 Charms/Translocation         2
   *Repel Missiles                    Charms/Air                   2
   Poison Weapon                      Charms/Poison                3
   Regeneration                       Charms/Necromancy            3
 i - a book of Power {god gift}

   Spells                             Type                      Level
   Teleport Other                     Translocation                3
   Iskenderun's Mystic Blast          Conjuration                  4
   Venom Bolt                         Conjuration/Poison           5
   Poisonous Cloud                    Conjuration/Poison/Air       5
   Iron Shot                          Conjuration/Earth            6
   Mass Confusion                     Hexes                        6
   Orb of Destruction                 Conjuration                  7
 j - a Grand Grimoire {god gift}

   WARNING:   If you fail in an attempt to memorise a spell from this book, the
   book will lash out at you.

   Spells                             Type                      Level
   *Demonic Horde                     Summoning                    6
   Haunt                              Necromancy/Summoning         7
   Summon Greater Demon               Summoning                    7
   Malign Gateway                     Summoning/Translocation      7
   *Summon Horrible Things            Summoning                    8
 k - a book of the Dragon

   Spells                             Type                      Level
   Flight                             Charms/Air                   4
   Cause Fear                         Hexes                        5
   Bolt of Fire                       Conjuration/Fire             6
   Dragon Form                        Transmutation                8
   Summon Dragon                      Summoning                    9
 l - a book of Annihilations {god gift}

   WARNING:   If you fail in an attempt to memorise a spell from this book, the
   book will lash out at you.

   Spells                             Type                      Level
   Poison Arrow                       Conjuration/Poison           6
   Orb of Destruction                 Conjuration                  7
   Chain Lightning                    Conjuration/Air              8
   Lehudib's Crystal Spear            Conjuration/Earth            8
   Ice Storm                          Conjuration/Ice              9
   Fire Storm                         Conjuration/Fire             9
 U - a book of the Tempests

   Spells                             Type                      Level
   Static Discharge                   Conjuration/Air              3
   Lightning Bolt                     Conjuration/Air              5
   Fireball                           Conjuration/Fire             6
   Tornado                            Air                          9
   Shatter                            Earth                        9
Miscellaneous
 M - a legendary deck of war {the Dance}


   Skills:
 + Level 2 Fighting
 - Level 1 Short Blades
 + Level 1 Throwing
 + Level 7 Dodging
 - Level 2 Stealth
 - Level 1 Stabbing
 + Level 2 Traps & Doors
 - Level 1 Unarmed Combat
 * Level 20 Spellcasting
 + Level 4 Charms
 + Level 18 Summonings
 + Level 2 Translocations
 + Level 8 Ice Magic
 + Level 4 Air Magic
 + Level 2 Evocations


You had 5 spell levels left.
You knew the following spells:

 Your Spells              Type           Power        Success   Level  Hunger
a - Summon Small Mammals  Summ           #####        Perfect     1    None
b - Call Imp              Summ           ########..   Perfect     2    None
c - Call Canine Familiar  Summ           ########..   Perfect     3    None
d - Summon Ice Beast      Ice/Summ       ########..   Excellent   4    None
e - Summon Butterflies    Summ           ########.    Perfect     1    None
f - Recall                Tloc/Summ      N/A          Excellent   3    None
g - Summon Ugly Thing     Summ           ########..   Excellent   6    None
h - Abjuration            Summ           ########..   Perfect     3    None
i - Shadow Creatures      Summ           N/A          Excellent   5    None
j - Blink                 Tloc           N/A          Excellent   2    None
k - Swiftness             Air/Chrm       #######...   Excellent   2    None
l - Apportation           Tloc           ######....   Excellent   1    None
m - Levitation            Air/Chrm       #######...   Excellent   2    None
n - Repel Missiles        Air/Chrm       #######...   Excellent   2    None
o - Demonic Horde         Summ           ########..   Excellent   6    None
p - Summon Horrible Thin  Summ           ########..   Excellent   8    Honeycomb

Dungeon Overview and Level Annotations

Branches:
Dungeon (18/27)            Temple (1/1) D:4             Orc (4/4) D:8
    Elf (0/5) Orc:4          Lair (8/8) D:13          Swamp (5/5) Lair:3
  Slime (0/6) Lair:7        Snake (5/5) Lair:5         Hive (2/2) D:12
  Vault (8/8) D:18          Blade (1/1) Vault:6       Crypt (0/5) Vault:2

Altars:
Ashenzari
Cheibriados
Elyvilon
Fedhas
Kikubaaqudgha
Makhleb
Nemelex Xobeh
Okawaru
Sif Muna
The Shining One
Trog
Vehumet
Xom
Yredelemnul
Zin
Beogh

Shops:
D:10: * Orc:4: /(= Vault:4: !

Portals:
Trove: Vault:3 (give +4 dragon armour)
Ziggurat: D:10 (4680 gp)


Innate Abilities, Weirdness & Mutations

You can breathe blasts of fire.
Your fiery red scales are hard (AC +8).
Your body does not fit into most forms of armour.
Your flesh is heat resistant.
You have a pair of small antennae on your head.
You have very sharp teeth.
Your mind is acute (Int +4).
Your muscles are strong (Str +1).


Message History

Your large abomination barely misses the vault guard.
The yaktaur captain hits your large abomination!
There is a stone staircase leading up, spattered with blood here.
The vault guard barely misses your tentacled monstrosity.
The vault guard hits your large abomination with a dwarven great mace!
The vault guard hits your large abomination with a great mace!
Your large abomination dies!
The vault guard hits you with a war axe.
Your tentacled monstrosity tentacle-slaps the vault guard but does no damage.
Your tentacled monstrosity tentacle-slaps the vault guard!
Your tentacled monstrosity completely misses the vault guard.
Your large abomination hits the vault guard!
The vault guard hits you with a glowing halberd!
* * * LOW HITPOINT WARNING * * *
Helpless, you fail to dodge the vault guard's attack.
The vault guard hits you with a long sword!
* * * LOW HITPOINT WARNING * * *
Helpless, you fail to dodge the vault guard's attack.
The vault guard hits you with a glowing elven long sword.
You die...

... .#....#..
..#....#...
.........J.
###........####
.......@.@D....
......X@.X@....
......X@@@C......
.....o.X@@Xc.....
####..@@@@c@#####
#....@@XCW....
....#..@c#D...C
... #....#..#X. .
#....# .# #$...#
# #....# ...


You could see a tentacled monstrosity, 2 golden dragons, 2 stone giants, a
yaktaur captain, 16 vault guards, an ettin, a slime creature, a phantasmal
warrior, 2 yaktaurs, an orc sorcerer, friendly 2 tentacled monstrosities and
friendly 4 large abominations.

Vanquished Creatures
  A greater naga (Snake:5)
  A hydra (Swamp:4)
  A skeletal warrior (D:17)
  4 orc knights (Port)
  2 hill giants
  2 griffons
  An oklob plant (Lair:3)
  An unseen horror (D:14)
  A slime creature (D:13)
  A naga mage (Snake:5)
  2 ugly things
  3 spiny frogs
  A blink frog (Lair:8)
  A giant toad (Lair:8)
  A spectral swamp dragon (Swamp:5)
  A wyvern (D:15)
  2 vampire mosquitoes
  A war dog (Lair:3)
  A swamp worm (Swamp:4)
  A sky beast (D:11)
  A yellow wasp (D:14)
  2 hippogriffs
  A phantom (Swamp:5)
  An insubstantial wisp (Swamp:4)
  2 orc warriors
  A water moccasin (Snake:5)
  11 killer bees
  3 giant frogs
  3 ogres
  3 electric eels (Swamp:5)
  A jellyfish (Swamp:5)
  11 ice beasts
  A hound zombie (D:6)
  A spider (Snake:4)
  6 orc priests
  10 orc wizards
  2 scorpions
  A sheep (Lair:7)
  A deep elf soldier (Vault:1)
  A swamp drake zombie (Swamp:5)
  7 hounds
  7 snakes
  4 iguanas
  A lemure (Snake:5)
  A midge (Swamp:5)
  3 gnolls (D:4)
  A snake skeleton (D:5)
  A giant mite (D:3)
  2 worms
  An ufetubus (Swamp:5)
  A bat skeleton (D:4)
  7 giant geckos
  38 orcs
  3 giant cockroaches
  14 hobgoblins
  5 jackals
  A small snake (D:4)
  11 bats
  4 giant newts
  12 goblins
  3 killer bee larvae
  14 kobolds
  6 quokkas
  13 rats
  4 ballistomycetes
  2 bushes (Lair:3)
  3 fungi
  A plant (Lair:8)
  39 toadstools
301 creatures vanquished.

Vanquished Creatures (collateral kills)
  Saint Roka (Vault:7)
  Mara (Vault:7)
  Mennas (Vault:5)
  An illusory Mara (Vault:7)
  Xtahua (Snake:2)
  Rupert (D:15)
  A storm dragon (Vault:6)
  The ghost of Voker57 the Destroyer, a mighty NaCj of Vehumet (Snake:5)
  Frances (Vault:5)
  A bone dragon (Swamp:5)
  A frost giant (Vault:7)
  2 fire giants (Vault:7)
  Louise (Swamp:3)
  Maud (D:16)
  8 stone giants
  6 greater nagas (Snake:5)
  Jozef (D:10)
  An ettin (Vault:7)
  Snorg (D:15)
  A great orb of eyes (Vault:4)
  4 yaktaur captains
  2 dragons
  8 vault guards (Vault:7)
  Josephine (D:11)
  A minotaur (Lab)
  A storm dragon skeleton (Vault:2)
  Erica (D:15)
  Harold (D:15)
  19 hydras
  2 dancing weapons (Blade)
  6 anacondas
  A rakshasa (D:15)
  6 ogre magi
  6 alligators
  5 death yaks (Lair:6)
  A sphinx skeleton (Vault:4)
  A frost giant zombie (Vault:3)
  6 very ugly things
  An elf (shapeshifter) (D:17)
  3 stone giant zombies
  A death drake (Swamp:5)
  2 fire giant skeletons (Vault:6)
  2 stone giant skeletons
  Nessos (D:12)
  5 deep trolls (Vault:6)
  13 centaur warriors
  8 skeletal warriors
  Erolcha (D:8)
  2 deep elf knights
  10 orc knights
  A wizard (Vault:2)
  An iron troll (Vault:7)
  An unseen horror (Vault:2)
  A giant orange brain (Vault:5)
  A flayed ghost (Vault:5)
  9 naga warriors
  8 harpies (Vault:5)
  11 orc sorcerers
  2 swamp dragons
  A siren zombie (Abyss)
  4 hydra zombies (Swamp:5)
  2 giant amoebae (Lair:7)
  A guardian serpent (shapeshifter) (D:15)
  13 hill giants
  A large large abomination (Vault:7)
  5 spiny worms
  A guardian serpent (Snake:2)
  A spectral hydra (Swamp:5)
  A spiny worm (shapeshifter) (Vault:5)
  7 griffons
  6 cyclopes
  A trapdoor spider (D:15)
  An oklob plant (Lair:8)
  A phantasmal warrior (D:18)
  An eye of devastation (D:14)
  2 red wasps
  2 elephant slugs
  22 spiny frogs
  27 black mambas
  A weapon mimic (D:13)
  31 slime creatures
  2 ettin skeletons
  11 rock trolls
  4 elephants (Lair:8)
  A giant toad zombie (D:17)
  12 naga magi
  A dragon skeleton (Vault:1)
  9 yaktaurs
  Psyche (D:8)
  61 ugly things
  A hill giant skeleton (D:15)
  A hill giant zombie (D:17)
  A giant toad skeleton (D:15)
  A smoke demon (Vault:3)
  2 queen bees
  7 trolls
  A redback (Vault:3)
  A deep troll zombie (Vault:4)
  7 komodo dragons
  A troll (shapeshifter) (Vault:4)
  6 baby alligators
  10 bog mummies
  25 giant toads
  2 deep troll skeletons (Vault:6)
  A grizzly bear (Lair:2)
  8 basilisks
  7 two-headed ogres
  2 brown oozes (Lair:7)
  7 blink frogs
  3 swamp dragon zombies (Swamp:5)
  A redback zombie (D:14)
  A vampire (Vault:1)
  3 bumblebees (Vault:4)
  A shark (D:13)
  2 wyverns
  3 hungry ghosts
  3 wraiths
  26 yaks
  A deep elf summoner (Vault:7)
  2 vipers
  A fire crab zombie (D:11)
  7 hippogriffs
  6 deep elf fighters
  3 fire drakes
  A manticore (shapeshifter) (Vault:1)
  A soldier ant (D:15)
  49 vampire mosquitoes
  12 war dogs
  3 manticores
  43 swamp worms
  2 hell hounds (Lair:8)
  A deep elf priest (Vault:1)
  8 insubstantial wisps
  32 orc warriors
  A rock worm zombie (D:16)
  2 freezing wraiths (Vault:6)
  2 giant goldfish zombies (D:8)
  A yaktaur skeleton (D:17)
  A cyclops skeleton (D:14)
  3 yak zombies
  23 phantoms
  3 swamp worm zombies (Swamp:5)
  4 ice beasts
  A sky beast (D:8)
  19 centaurs
  7 swamp drakes
  7 boring beetles
  22 giant goldfish
  71 nagas
  A yellow wasp (D:12)
  5 wolves (Lair:8)
  4 big kobolds
  2 boulder beetle zombies
  A troll skeleton (D:17)
  A giant slug (shapeshifter) (Vault:2)
  5 giant slugs
  15 wargs
  A brain worm (D:11)
  12 crocodiles
  21 giant frogs
  10 giant leeches
  A two-headed ogre zombie (D:12)
  8 agate snails
  19 water moccasins
  An earth elemental (D:13)
  Blork the orc (D:7)
  2 basilisk zombies
  A soldier ant zombie (D:7)
  A water moccasin skeleton (D:6)
  A basilisk skeleton (D:11)
  A warg skeleton (Orc:4)
  37 ogres
  162 killer bees
  2 boulder beetles
  2 eyes of draining (D:16)
  17 jellyfish
  5 electric eels
  A quasit (D:7)
  23 big fish
  17 imps
  2 mottled dragon skeletons
  18 hounds
  2 big kobold skeletons (D:14)
  A hound zombie (D:5)
  15 spiders
  4 iron imps
  A shadow (D:13)
  17 orc priests
  7 scorpions
  3 hound skeletons
  5 porcupines
  5 spectral swamp drakes (Swamp:5)
  2 big fish zombies (Swamp:5)
  13 iguanas
  3 deep elf soldiers
  38 orc wizards
  22 sheep
  4 jellies
  A goliath beetle zombie (D:11)
  6 worker ants
  2 giant centipedes
  11 lemures
  A snake zombie (D:7)
  64 green rats
  An iguana skeleton (D:4)
  8 midges
  5 shadow imps
  31 snakes
  3 giant mites
  6 white imps
  A snake skeleton (D:11)
  4 worms
  13 ufetubi
  5 giant geckos
  135 orcs
  22 bats
  9 goblins
  12 hobgoblins
  17 jackals
  20 kobolds
  An ooze (D:13)
  A small snake (Snake:4)
  A giant cockroach (D:14)
  A giant gecko skeleton (D:4)
  A giant newt (D:3)
  A giant spore (D:8)
  A hobgoblin zombie (D:6)
  12 illusory rakshasas (D:15)
  30 killer bee larvae
  A kobold zombie (D:5)
  2 orc skeletons
  7 orc zombies
  5 quokkas
  A quokka skeleton (D:9)
  14 rats
  A bush (Lair:3)
  18 fungi
  20 plants
  4 toadstools
1937 creatures vanquished.

Vanquished Creatures (others)
  10 tentacled monstrosities
  60 very ugly things
  6 centaur zombies
  A hydra zombie (Swamp:3)
  A red wasp zombie (Swamp:3)
  A giant toad zombie (Swamp:5)
  An elephant (Lair:8)
  A black mamba zombie (Snake:5)
  A spiny frog (Lair:7)
  2 hill giant zombies
  26 slime creatures
  71 ugly things
  2 rock troll zombies (Vault:1)
  173 large large abominations
  A baby alligator zombie (Swamp:5)
  A giant toad (Swamp:5)
  A baby alligator skeleton (Swamp:3)
  3 yaks (Lair:7)
  364 ice beasts
  2 small abominations (D:17)
  2 war dogs
  A wyvern zombie (D:15)
  An ogre (D:17)
  4 swamp worm zombies
  A troll zombie (D:15)
  5 giant frogs
  3 wolves
  2 giant frog zombies
  A water moccasin zombie (Snake:5)
  A water moccasin skeleton (Snake:5)
  A naga skeleton (Snake:5)
  A warg skeleton (Orc:4)
  A giant leech zombie (Swamp:3)
  21 killer bees
  An elf zombie (Vault:1)
  An ogre zombie (D:17)
  A big kobold zombie (D:17)
  59 imps
  A hound skeleton (D:14)
  2 orc wizards (Orc:4)
  16 hounds
  20 naga zombies
  A porcupine (Lair:3)
  64 iron imps
  A swamp drake zombie (Swamp:4)
  3 sheep (Lair:5)
  An electric eel zombie (Swamp:4)
  66 lemures
  A giant centipede (Lair:3)
  84 midges
  A snake skeleton (Snake:5)
  7 green rats
  95 shadow imps
  A giant mite (Lair:6)
  92 white imps
  80 ufetubi
  17 grey rats
  A bat skeleton (Swamp:4)
  A bat zombie (Swamp:3)
  2 orcs (Orc:4)
  30 jackals
  18 bats
  A giant spore (D:7)
  A goblin (Orc:3)
  A goblin zombie (Orc:4)
  8 killer bee larvae
  4 kobolds
  2 kobold zombies (D:17)
  6 orc skeletons (Orc:4)
  27 orc zombies
  15 quokkas
  21 rats
  2 rat zombies
  27 butterflies
  15 fungi
  11 plants
  277 toadstools
1858 creatures vanquished.

Grand Total: 4096 creatures vanquished

Notes
Turn   | Place    | Note
--------------------------------------------------------------
     0 | D:1      | akhier, the Draconian Summoner, began the quest for the Orb.
     0 | D:1      | Reached XP level 1. HP: 14/14 MP: 3/3
   542 | D:1      | Reached XP level 2. HP: 5/20 MP: 1/4
   553 | D:1      | Learned a level 2 spell: Call Imp
  1033 | D:1      | Reached skill level 5 in Summonings
  1482 | D:2      | Reached skill level 1 in Unarmed Combat
  1676 | D:2      | Reached XP level 3. HP: 26/26 MP: 0/5
  1968 | D:2      | Reached skill level 1 in Fighting
  2366 | D:3      | Found a shattered altar of Ashenzari.
  2375 | D:3      | Got a yellowed book
  2468 | D:3      | Identified Ashenzari's Volume of Culinary Dark Arts (You found it on level 3 of the Dungeon)
  2472 | D:3      | Learned a level 3 spell: Call Canine Familiar
  2862 | D:3      | Reached XP level 4. HP: 33/33 MP: 8/8
  3078 | D:5      | Entered Level 5 of the Dungeon
  3316 | D:4      | Found a staircase to the Ecumenical Temple.
  3337 | Temple   | Entered the Ecumenical Temple
  3531 | Temple   | Became a worshipper of Vehumet
  3577 | D:4      | Reached skill level 1 in Short Blades
  3700 | D:4      | Found a shimmering altar of Xom.
  3764 | D:4      | Reached skill level 1 in Stabbing
  3764 | D:4      | Reached XP level 5. HP: 25/38 MP: 9/9
  4642 | D:4      | Reached skill level 6 in Summonings
  4835 | D:5      | Acquired Vehumet's first power
  4927 | D:5      | Reached XP level 6. HP: 34/45 MP: 1/12
  5265 | D:5      | Your scales start taking on a fiery red colour.
  5265 | D:5      | Gained mutation: Your flesh is heat resistant.
  5265 | D:5      | Reached XP level 7. HP: 36/50 MP: 4/16
  5592 | D:6      | Gained mutation: Your muscles are strong (Str +1).
  5684 | D:6      | Learned a level 4 spell: Summon Ice Beast
  5957 | D:6      | Acquired Vehumet's second power
  6066 | D:6      | Reached skill level 5 in Spellcasting
  6114 | D:6      | Reached skill level 7 in Summonings
  6654 | D:7      | Reached XP level 8. HP: 58/58 MP: 12/19
  6681 | D:7      | Reached skill level 1 in Traps & Doors
  6681 | D:7      | Reached skill level 1 in Ice Magic
  6702 | D:7      | Found a burning altar of Makhleb.
  6705 | D:8      | Noticed Psyche
  6709 | D:8      | Noticed Erolcha
  6724 | D:8      | Defeated Psyche
  6769 | D:8      | Defeated Erolcha
  6774 | D:8      | Reached skill level 8 in Summonings
  6821 | D:8      | Found a staircase to the Orcish Mines.
  6844 | D:8      | Reached XP level 9. HP: 57/63 MP: 21/21
  6860 | Orc:1    | Entered Level 1 of the Orcish Mines
  7704 | Orc:3    | Acquired Vehumet's third power
  7888 | Orc:4    | Entered Level 4 of the Orcish Mines
  7935 | Orc:4    | Found a staircase to the Elven Halls.
  8076 | Orc:4    | Reached skill level 9 in Summonings
  8294 | D:10     | Entered Level 10 of the Dungeon
  8492 | D:8      | Found an iron altar of Okawaru.
  8761 | D:7      | Found a glowing golden altar of the Shining One.
  8806 | D:7      | Noticed Blork the orc
  8833 | D:7      | Defeated Blork the orc
  8850 | D:7      | Found a deep blue altar of Sif Muna.
  8974 | D:8      | Acquired Vehumet's fourth power
  8979 | D:8      | Found a basalt altar of Yredelemnul.
  9420 | D:9      | Reached XP level 10. HP: 64/71 MP: 19/23
  9520 | D:10     | Found Ghopuy's General Store.
  9531 | D:10     | Bought a potion of degeneration for 28 gold pieces
  9531 | D:10     | Bought a scroll of enchant weapon I for 77 gold pieces
  9538 | D:10     | Found a gateway to a ziggurat.
  9960 | D:9      | You fall through a shaft!
 10671 | D:10     | Reached skill level 10 in Summonings
 10723 | D:10     | Noticed Jozef
 10742 | D:10     | Defeated Jozef
 10897 | D:11     | Noticed Josephine
 10908 | D:11     | Defeated Josephine
 11027 | D:10     | Learned a level 1 spell: Summon Butterflies
 12029 | D:12     | Noticed a queen bee
 12050 | D:12     | Defeated a queen bee
 12076 | D:12     | Reached skill level 11 in Summonings
 12120 | D:12     | Found a staircase to the Hive.
 12146 | D:12     | Noticed Nessos
 12166 | D:12     | Defeated Nessos
 12166 | D:12     | Reached XP level 11. HP: 42/77 MP: 6/27
 12823 | D:12     | Reached skill level 10 in Spellcasting
 12823 | D:12     | Reached skill level 1 in Evocations
 12949 | D:12     | You fall through a shaft!
 12949 | D:15     | Entered Level 15 of the Dungeon
 12969 | D:15     | Noticed Rupert
 12987 | D:15     | Defeated Rupert
 13010 | D:15     | Noticed Erica
 13019 | D:15     | Defeated Erica
 13066 | D:15     | Noticed Harold
 13073 | D:15     | Defeated Harold
 13139 | D:15     | Reached skill level 5 in Ice Magic
 13500 | D:14     | Reached skill level 12 in Summonings
 13669 | D:14     | Found Heedora's Distillery.
 13959 | D:14     | Bought a potion of healing for 30 gold pieces
 13959 | D:14     | Bought a potion of heal wounds for 45 gold pieces
 13959 | D:14     | Bought a potion of healing for 30 gold pieces
 13959 | D:14     | Bought a potion of healing for 30 gold pieces
 13959 | D:14     | Bought a potion of healing for 30 gold pieces
 13959 | D:14     | Bought a potion of healing for 30 gold pieces
 13959 | D:14     | Bought a potion of heal wounds for 45 gold pieces
 13959 | D:14     | Bought a potion of heal wounds for 45 gold pieces
 13959 | D:14     | Bought a potion of agility for 37 gold pieces
 13959 | D:14     | Bought 2 potions of might for 75 gold pieces
 13959 | D:14     | Bought a potion of cure mutation for 525 gold pieces
 14192 | D:14     | Reached skill level 5 in Dodging
 14296 | D:13     | Found a flagged portal.
 14304 | D:13     | Got a steaming spear
 14305 | D:13     | Identified the +1,+3 spear "Suenk" (You found it on level 13 of the Dungeon) 14309
                  | bailey
                  | Entered the bailey 14927
                  | bailey
                  | Reached XP level 12. HP: 58/84 MP: 4/29 14959
                  | bailey
                  | Identified a scroll of acquirement 14960
                  | bailey
                  | Got a droning book 14961
                  | bailey
                  | Identified the Handbook of the Escort (You acquired it in the bailey) 14965
                  | bailey
                  | Learned a level 3 spell: Recall 14972
                  | bailey
                  | Learned a level 6 spell: Summon Ugly Thing 14977
                  | bailey
                  | Learned a level 4 spell: Summon Elemental
 14999 | D:13     | Noticed an earth elemental
 15028 | D:13     | Defeated an earth elemental
 15595 | D:12     | Noticed Maurice
 15747 | Hive:1   | Entered Level 1 of the Hive
 16356 | Hive:1   | Gained mutation: You have supernaturally acute eyesight.
 16356 | Hive:1   | Lost mutation: You have supernaturally acute eyesight.
 16356 | Hive:1   | Gained mutation: You have a pair of small antennae on your head.
 16460 | Hive:2   | Entered Level 2 of the Hive
 16671 | Hive:2   | Reached skill level 13 in Summonings
 17114 | Hive:2   | Received a gift from Vehumet
 17122 | Hive:2   | Learned a level 5 spell: Shadow Creatures
 18408 | Hive:2   | Reached skill level 1 in Translocations
 18454 | Hive:2   | Learned a level 2 spell: Blink
 18511 | Hive:2   | Learned a level 2 spell: Swiftness
 18794 | Temple   | Learned a level 1 spell: Apportation
 19403 | D:13     | Found a staircase to the Lair.
 19737 | Lair:1   | Entered Level 1 of the Lair of Beasts
 19872 | Lair:1   | Got an ancient robe
 19874 | Lair:1   | Identified the cursed -1 robe of Henotheism (You found it on level 1 of the Lair of Beasts)
 19992 | Lair:1   | Found a frozen archway.
 20385 | Lair:1   | Learned a level 3 spell: Abjuration
 20388 | Lair:1   | Learned a level 2 spell: Levitation
 21995 | Lair:3   | Found a staircase to the Swamp.
 23012 | Lair:3   | Reached skill level 1 in Air Magic
 23018 | Lair:3   | Reached skill level 14 in Summonings
 23127 | Lair:4   | Reached skill level 1 in Charms
 23559 | Lair:5   | Found a staircase to the Snake Pit.
 23562 | Lair:5   | Found a labyrinth entrance.
 23572 | Lab      | Entered a Labyrinth
 25556 | Lair:6   | Reached XP level 13. HP: 90/90 MP: 6/32
 26757 | Lair:7   | Identified a +2 rod of destruction [lightning,iron,fireball] (14/14) (You acquired it on level 7 of the Lair of Beasts)
 26905 | Lair:7   | Found a staircase to the Slime Pits.
 27450 | Lair:7   | Noticed a spiny worm
 27485 | Lair:7   | Defeated a spiny worm
 27935 | Lair:8   | Entered Level 8 of the Lair of Beasts
 28595 | Lair:8   | Found a burning altar of Makhleb.
 29501 | Lair:8   | Received a gift from Vehumet
 29864 | Lair:8   | Reached skill level 15 in Summonings
 30102 | Lair:8   | Got a smoking glass ring
 30116 | Lair:8   | Identified the ring "Skoq" (You found it on level 8 of the Lair of Beasts)
 30227 | Lair:8   | Found a radiant altar of Vehumet.
 30243 | Lair:8   | Reached skill level 1 in Throwing
 31435 | Swamp:1  | Entered Level 1 of the Swamp
 31487 | Swamp:1  | Reached skill level 15 in Spellcasting
 31568 | Swamp:1  | Learned a level 2 spell: Repel Missiles
 33275 | Swamp:2  | Reached XP level 14. HP: 96/96 MP: 35/35
 33283 | Swamp:2  | Learned a level 6 spell: Demonic Horde
 34735 | Swamp:3  | Defeated Louise
 37361 | Swamp:5  | Entered Level 5 of the Swamp
 37391 | Swamp:5  | Reached skill level 16 in Spellcasting
 37723 | Swamp:5  | Received a gift from Vehumet
 40771 | Swamp:5  | Got a decaying rune of Zot
 41382 | D:14     | Bought 2 potions of speed for 165 gold pieces
 41834 | D:15     | Noticed Snorg
 41852 | D:15     | HP: 4/86 [Snorg (6)]
 41872 | D:15     | Defeated Snorg
 42589 | D:15     | Noticed a guardian serpent
 42600 | D:15     | Defeated a guardian serpent
 42645 | D:15     | Gained mutation: Your mind is acute (Int +1).
 43377 | D:16     | Reached XP level 15. HP: 92/92 MP: 35/36
 43414 | D:16     | Noticed Maud
 43424 | D:16     | Defeated Maud
 43666 | D:16     | Reached skill level 17 in Spellcasting
 44305 | D:17     | Found Cacreept's Food Shoppe.
 44313 | D:17     | Bought a meat ration for 40 gold pieces
 44313 | D:17     | Bought a pear for 8 gold pieces
 44313 | D:17     | Bought a pear for 8 gold pieces
 44313 | D:17     | Bought a bread ration for 40 gold pieces
 44313 | D:17     | Bought a bread ration for 40 gold pieces
 44313 | D:17     | Bought a bread ration for 40 gold pieces
 44313 | D:17     | Bought an apple for 8 gold pieces
 44313 | D:17     | Bought a choko for 4 gold pieces
 44313 | D:17     | Bought a meat ration for 40 gold pieces
 45176 | D:18     | Found a staircase to the Vaults.
 45374 | D:18     | Noticed a phantasmal warrior
 45391 | D:18     | Defeated a phantasmal warrior
 45569 | D:18     | Received a gift from Vehumet
 45757 | Vault:1  | Entered Level 1 of the Vaults
 46108 | Vault:1  | Gained mutation: You have very sharp teeth.
 46108 | Vault:1  | Gained mutation: Armour fits poorly on your unusually shaped body.
 46718 | Orc:3    | Noticed a rock troll
 46738 | Orc:3    | Defeated a rock troll
 47277 | Orc:4    | Found a roughly hewn altar of Beogh.
 47548 | Orc:4    | Found Loaroe's Magical Wand Emporium.
 47551 | Orc:4    | Found Chuav's Weapon Shop.
 47908 | Orc:4    | Found Exadezith's Jewellery Emporium.
 47908 | Orc:4    | Found Thousim's Distillery.
 47916 | Orc:4    | Bought a +5 ring of intelligence for 741 gold pieces
 47931 | Orc:4    | Bought a potion of healing for 28 gold pieces
 47931 | Orc:4    | Bought a potion of healing for 28 gold pieces
 47931 | Orc:4    | Bought 2 potions of healing for 56 gold pieces
 47931 | Orc:4    | Bought a potion of healing for 28 gold pieces
 47931 | Orc:4    | Bought a potion of restore abilities for 42 gold pieces
 47931 | Orc:4    | Bought a potion of agility for 35 gold pieces
 47931 | Orc:4    | Bought a potion of restore abilities for 42 gold pieces
 47931 | Orc:4    | Bought a potion of slowing for 14 gold pieces
 47931 | Orc:4    | Bought a potion of restore abilities for 42 gold pieces
 47931 | Orc:4    | Bought a potion of healing for 28 gold pieces
 47931 | Orc:4    | Bought a potion of healing for 28 gold pieces
 47942 | Orc:4    | Bought the cursed ring of Daweneym {MUT Dex-2 Dam-3} for 36 gold pieces
 47942 | Orc:4    | Bought an uncursed amulet of warding for 270 gold pieces
 48782 | Snake:1  | Entered Level 1 of the Snake Pit
 48814 | Snake:1  | Got a smoking blowgun
 49802 | Snake:2  | Noticed Xtahua
 49815 | Snake:2  | Defeated Xtahua
 49815 | Snake:2  | Reached skill level 18 in Spellcasting
 50093 | Snake:2  | Got an ancient lead ring
 51605 | Snake:4  | Identified the ring "Shotetoff" {Str+3 Int-5} (You found it on level 2 of the Snake Pit)
 52420 | Snake:5  | Entered Level 5 of the Snake Pit
 53277 | Snake:5  | Noticed Voker57's ghost (mighty NaCj)
 53324 | Snake:5  | Defeated Voker57's ghost
 53583 | Snake:5  | Got a twisted long sword
 53663 | Snake:5  | You are cast into the Abyss!
 53663 | Snake:5  | Cast into the Abyss (a Zot trap)
 53663 | Abyss    | Entered The Abyss
 53711 | Abyss    | Noticed a yellow draconian zealot
 53748 | Snake:5  | You pass through the gate.
 54189 | Snake:5  | Reached XP level 16. HP: 101/101 MP: 14/38
 54199 | Snake:5  | Learned a level 8 spell: Summon Horrible Things
 54243 | Snake:5  | Received a gift from Vehumet
 54264 | Snake:5  | Got a serpentine rune of Zot
 55047 | Vault:1  | Noticed a deep elf priest
 55060 | Vault:1  | Defeated a deep elf priest
 55270 | Vault:2  | Identified the cursed -4 blowgun of Brusk (You found it on level 1 of the Snake Pit)
 55915 | Vault:2  | Found a staircase to the Crypt.
 56079 | Vault:3  | Reached skill level 19 in Spellcasting
 56185 | Vault:3  | Found a portal to a secret trove of treasure.
 56276 | Vault:3  | Identified the cursed -1,+6 long sword "Ultimatum" (You found it on level 5 of the Snake Pit)
 57442 | Vault:4  | Got a slimy iron ring
 57519 | Vault:4  | Gained mutation: Your mind is acute (Int +2).
 57662 | Vault:4  | Found Xosefon's Distillery.
 57673 | Vault:4  | Bought a potion of might for 32 gold pieces
 57673 | Vault:4  | Bought a potion of brilliance for 32 gold pieces
 57673 | Vault:4  | Bought a potion of healing for 26 gold pieces
 57673 | Vault:4  | Bought a potion of healing for 26 gold pieces
 57673 | Vault:4  | Bought a potion of heal wounds for 39 gold pieces
 57673 | Vault:4  | Bought a potion of heal wounds for 39 gold pieces
 57673 | Vault:4  | Bought a potion of speed for 71 gold pieces
 57673 | Vault:4  | Bought a potion of healing for 26 gold pieces
 57673 | Vault:4  | Bought a potion of healing for 26 gold pieces
 57673 | Vault:4  | Bought a potion of mutation for 39 gold pieces
 57673 | Vault:4  | Bought a potion of levitation for 39 gold pieces
 57673 | Vault:4  | Bought a potion of heal wounds for 39 gold pieces
 57783 | Vault:4  | Gained mutation: Your mind is acute (Int +3).
 57783 | Vault:4  | Lost mutation: Armour fits poorly on your unusually shaped body.
 57953 | Vault:4  | Identified the ring of Caxiuchi (You found it on level 4 of the Vaults)
 58360 | Vault:5  | Noticed Mennas
 58650 | Vault:5  | Noticed Frances
 58664 | Vault:5  | Defeated Frances
 59013 | Vault:5  | Defeated Mennas
 60033 | Vault:6  | Reached XP level 17. HP: 91/106 MP: 23/39
 60216 | Vault:6  | Found a staircase to the Hall of Blades.
 60274 | Blade    | Entered the Hall of Blades
 60901 | Vault:7  | Gained mutation: Your mind is acute (Int +4).
 60979 | Vault:7  | Noticed Mara
 60994 | Vault:7  | Defeated Mara
 61001 | Vault:7  | Noticed Saint Roka
 61022 | Vault:7  | Defeated Saint Roka
 61022 | Vault:7  | Reached skill level 20 in Spellcasting
 61248 | Vault:7  | Found a flickering gateway to a bazaar. 61255
                  | bazaar
                  | Entered a bazaar 61275
                  | bazaar
                  | Found Blalakub's Magical Wand Shoppe. 61275
                  | bazaar
                  | Found Nedixad's Magic Scroll Emporium. 61349
                  | bazaar
                  | Found Rodiob's Assorted Antiques. 61428
                  | bazaar
                  | Bought a potion of healing for 44 gold pieces 61428
                  | bazaar
                  | Bought 2 murky silvery potions for 39 gold pieces 61428
                  | bazaar
                  | Bought a scroll of identify for 44 gold pieces 61481
                  | bazaar
                  | Bought a scroll of detect curse for 34 gold pieces 61481
                  | bazaar
                  | Bought a scroll of enchant weapon I for 93 gold pieces 61481
                  | bazaar
                  | Bought a scroll of magic mapping for 59 gold pieces 61481
                  | bazaar
                  | Bought a scroll of identify for 34 gold pieces
 61875 | Vault:7  | Noticed a deep elf summoner
 61887 | Vault:7  | Defeated a deep elf summoner
 62440 | Vault:8  | Entered Level 8 of the Vaults
 62440 | Vault:8  | Noticed a golden dragon
 62483 | Vault:8  | Noticed a golden dragon
 62545 | Vault:8  | HP: 1/106 [vault guard/long sword (16)]
 62545 | Vault:8  | Slain by a vault guard
